Map: [ESL] Goldenaura

Players

herO - Winner!

  • Race: Protoss Protoss
  • Spawn Location: 12:00

Reynor

  • Race: Zerg Zerg
  • Spawn Location: 5:00

Event: IEM Katowice 2024

VOD

Have the link to the VOD?

Description

Time

  • Played on: Feb. 9, 2024, 10:27 a.m.
  • Length: 26:19

All games in this series

Show
View Real Time Build Order
Export as new Build Order

herO Protoss - Winner!

Build Orders: 1 Gate Expand, Oracle Opening, Carriers, Chargelot Immortal 

Get SALT Encoding   

  12  0:00  Probe  
  13  0:12  Probe  
  14  0:17  Pylon  
  14  0:24  Probe  
  14  0:27  Assimilator  
  15  0:36  Probe (Chrono Boost)  
  16  0:43  Gateway  
  16  0:48  Probe (Chrono Boost)  
  17  0:54  Probe (Chrono Boost)  
  18  1:03  Probe  
  19  1:15  Probe  
  20  1:25  Nexus  
  20  1:35  Cybernetics Core  
  20  1:38  Probe  
  21  1:43  Assimilator  
  21  1:50  Probe  
  21  1:53  Pylon  
  22  2:02  Probe (Chrono Boost)  
  23  2:11  Stalker  
  23  2:15  Probe (Chrono Boost)  
  26  2:16  Stargate  
  26  2:20  Warp Gate  
  26  2:23  Probe (Chrono Boost)  
  27  2:32  Probe (Chrono Boost)  
  28  2:37  Probe (Chrono Boost)  
  28  2:41  Adept  
  32  2:46  Probe (Chrono Boost)  
  32  2:47  Probe (Chrono Boost)  
  33  2:51  Probe (Chrono Boost)  
  33  2:54  Probe  
  33  2:57  Oracle (Chrono Boost)  
  35  3:03  Pylon  
  35  3:04  Probe  
  39  3:06  Probe  
  40  3:15  Gateway  
  40  3:17  Probe  
  40  3:18  Probe  
  44  3:24  Oracle (Chrono Boost)  
  47  3:30  Probe x2  
  47  3:41  Nexus  
  47  3:45  Pylon  
  47  3:48  Probe x2  
  49  3:51  Oracle (Chrono Boost)  
  52  4:00  Assimilator x2  
  52  4:03  Probe x2  
  54  4:10  Twilight Council  
  54  4:13  Forge  
  54  4:15  Probe x2  
  56  4:27  Probe x2  
  56  4:30  Adept x2  
  62  4:37  Gateway  
  62  4:38  Gateway  
  62  4:43  Blink (Chrono Boost)  
  62  4:44  Pylon  
  62  4:49  Protoss Ground Weapons Level 1  
  63  4:53  Probe x2 (Chrono Boost)  
  64  5:02  Probe (Chrono Boost)  
  64  5:05  Probe x2 (Chrono Boost)  
  64  5:10  Robotics Facility  
  64  5:12  Probe (Chrono Boost)  
  64  5:13  Probe x2 (Chrono Boost)  
  67  5:16  Gateway  
  67  5:17  Gateway  
  67  5:19  Probe  
  67  5:20  Probe  
  69  5:21  Probe  
  69  5:27  Stalker  
  69  5:28  Stalker  
  74  5:32  Probe x2  
  74  5:33  Probe  
  74  5:34  Pylon  
  77  5:40  Gateway  
  77  5:42  Gateway  
  77  5:45  Probe x2  
  77  5:46  Probe  
  77  5:48  Assimilator  
  80  5:50  Assimilator  
  80  5:56  Warp Prism (Chrono Boost)  
  80  5:58  Probe  
  84  6:05  Stalker x2  
  84  6:06  Stalker  
  84  6:07  Stalker  
  91  6:14  Pylon  
  91  6:19  Pylon  
  91  6:23  Photon Cannon, Shield Battery  
  91  6:24  Pylon  
  91  6:28  Observer  
  92  6:35  Pylon  
  92  6:44  Stalker x6  
  104  6:48  Protoss Ground Weapons Level 2 (Chrono Boost)  
  99  7:00  Immortal  
  93  7:09  Probe x3  
  93  7:13  Charge (Chrono Boost)  
  96  7:21  Observer, Stalker x2, Probe x3  
  96  7:22  Stalker x3  
  109  7:24  Templar Archives  
  109  7:31  Pylon  
  109  7:34  Nexus  
  109  7:36  Probe x3  
  112  7:37  Pylon  
  112  7:40  Zealot x3, Immortal (Chrono Boost)  
  122  7:45  Zealot  
  122  7:49  Photon Cannon  
  122  7:50  Shield Battery  
  124  7:57  Photon Cannon  
  124  8:00  Probe  
  124  8:01  Probe x2  
  127  8:10  High Templar x2  
  127  8:11  High Templar  
  133  8:13  Assimilator, Probe x3  
  133  8:14  Immortal (Chrono Boost)  
  133  8:15  Psionic Storm  
  133  8:19  Assimilator  
  140  8:24  Photon Cannon  
  140  8:26  Shield Battery  
  140  8:28  Gateway  
  140  8:29  Gateway  
  140  8:39  Photon Cannon x2  
  140  8:43  Photon Cannon  
  140  8:45  Protoss Air Weapons Level 1 (Chrono Boost)  
  140  8:47  High Templar x3  
  140  8:48  Photon Cannon  
  146  8:51  Immortal (Chrono Boost)  
  150  8:57  Photon Cannon  
  150  9:00  Probe x3  
  150  9:04  Probe  
  150  9:09  Stalker x2  
  153  9:11  Protoss Ground Weapons Level 3 (Chrono Boost)  
  153  9:12  Probe  
  151  9:23  Zealot x3  
  155  9:27  Probe  
  156  9:36  Immortal (Chrono Boost)  
  156  9:37  Probe x2  
  156  9:38  Probe  
  148  9:48  Probe  
  148  9:49  Probe x2  
  150  9:53  Zealot x3  
  150  9:55  Fleet Beacon  
  154  10:00  Probe x2  
  154  10:02  Stargate  
  154  10:06  Pylon  
  156  10:08  Pylon  
  156  10:10  Pylon  
  156  10:11  Pylon  
  156  10:17  Stargate  
  156  10:18  Probe  
  156  10:24  Probe x3, Immortal, Pylon  
  156  10:25  Pylon  
  163  10:30  Probe  
  164  10:36  Probe x3  
  164  10:37  Pylon  
  167  10:44  High Templar x2  
  167  10:47  Photon Cannon  
  167  10:48  Photon Cannon  
  171  10:50  Protoss Air Weapons Level 2 (Chrono Boost), Pylon  
  171  10:53  Carrier x2 (Chrono Boost)  
  175  11:08  Carrier (Chrono Boost)  
  175  11:09  Photon Cannon  
  181  11:12  Observer  
  181  11:21  Nexus  
  181  11:22  Pylon  
  179  11:47  Carrier (Chrono Boost), Zealot  
  179  11:48  Carrier (Chrono Boost), Zealot x4  
  179  11:52  Probe x4  
  195  11:55  Zealot x2  
  195  11:56  Pylon  
  195  11:58  Photon Cannon, Pylon  
  195  11:59  Shield Battery  
  199  12:04  Probe  
  170  12:15  Carrier (Chrono Boost)  
  170  12:18  Protoss Shields Level 1 (Chrono Boost)  
  172  12:23  Photon Cannon  
  172  12:29  Cybernetics Core, Probe x4  
  176  12:36  High Templar x2  
  180  12:41  Observer, Probe x2  
  180  12:42  Zealot x7  
  197  12:46  Shield Battery  
  197  12:48  Archon  
  197  12:49  Shield Battery  
  197  12:53  Zealot  
  197  12:54  Pylon  
  199  13:12  Gateway, Assimilator  
  185  13:14  Zealot x2, Assimilator, Gateway  
  185  13:16  Zealot, Photon Cannon  
  185  13:17  Gateway, Photon Cannon  
  185  13:18  Gateway  
  185  13:19  Photon Cannon  
  191  13:20  Observer  
  191  13:22  Gateway  
  191  13:24  Gateway, Protoss Air Armor Level 1 (Chrono Boost)  
  191  13:26  Dark Shrine  
  190  13:28  Protoss Air Weapons Level 3 (Chrono Boost)  
  190  13:30  High Templar x4  
  198  13:34  Archon  
  198  13:35  Archon  
  198  13:37  Photon Cannon  
  198  13:39  Pylon  
  198  13:47  Zealot x4  
  200  13:58  Protoss Shields Level 2 (Chrono Boost)  
  200  14:03  Photon Cannon  
  200  14:04  Photon Cannon  
  194  14:10  Zealot x3  
  194  14:12  Zealot  
  192  14:42  Observer  
  179  14:51  High Templar x5  
  179  14:52  High Templar x5  
  199  14:55  Archon x2  
  199  14:56  Archon x2  
  199  14:57  Archon  
  199  15:12  Observer  
  197  15:20  Observer  
  198  15:27  Dark Templar  
  194  15:30  Zealot x5  
  194  15:53  Protoss Air Armor Level 2 (Chrono Boost)  
  182  16:08  Pylon  
  172  16:14  Stalker x15  
  172  16:15  Stalker  
  199  16:19  Void Ray (Chrono Boost)  
  187  16:29  Void Ray (Chrono Boost), Flux Vanes  
  187  16:31  Void Ray (Chrono Boost)  
  191  16:34  Nexus  
  191  16:37  Pylon  
  191  16:39  Photon Cannon  
  189  16:41  Shield Battery  
  189  16:42  Stalker x5  
  189  16:45  Photon Cannon  
  199  16:47  Pylon  
  195  16:56  Carrier (Chrono Boost)  
  185  17:13  Photon Cannon  
  185  17:15  Mothership (Chrono Boost), Photon Cannon  
  193  17:16  Void Ray x2 (Chrono Boost), Shield Battery  
  193  17:18  High Templar x3  
  191  17:39  Protoss Shields Level 3 (Chrono Boost)  
  191  17:49  Assimilator  
  191  17:55  Photon Cannon  
  191  17:58  Assimilator, Photon Cannon x2, Shield Battery  
  178  18:22  Stalker x13  
  178  18:26  Stalker  
  180  18:48  Tempest x3 (Chrono Boost)  
  185  19:04  High Templar x6  
  185  19:05  High Templar  
  199  19:14  Pylon  
  199  19:16  Nexus  
  199  19:18  Pylon  
  199  19:24  Pylon  
  199  19:42  Photon Cannon  
  199  19:43  Photon Cannon  
  199  19:44  Protoss Air Armor Level 3 (Chrono Boost)  
  199  19:45  Photon Cannon  
  197  19:46  Photon Cannon  
  197  19:48  Photon Cannon  
  197  19:50  Photon Cannon  
  197  19:51  Photon Cannon  
  197  19:53  Shield Battery  
  197  19:56  Shield Battery  
  197  20:00  Photon Cannon  
  197  20:01  Photon Cannon  
  197  20:03  Photon Cannon  
  197  20:04  Carrier (Chrono Boost)  
  197  20:05  Carrier x2 (Chrono Boost)  
  175  20:23  High Templar x4  
  175  20:28  Archon x2  
  179  20:31  Assimilator  
  179  20:35  Assimilator  
  179  20:36  Stalker x2  
  179  20:37  Stalker x5  
  179  20:39  Dark Templar x2, Zealot  
  185  21:02  Stalker x2  
  189  21:07  Archon  
  181  21:11  Stalker x5  
  181  21:12  Stalker x4  
  173  21:26  Tempest x3 (Chrono Boost)  
  176  21:46  High Templar x8  
  188  21:48  Protoss Ground Armor Level 1  
  188  21:51  Archon x3  
  188  21:52  Archon  
  188  21:53  Zealot x6  
  200  22:23  Nexus  
  195  22:31  Carrier x2 (Chrono Boost)  
  193  22:43  Carrier (Chrono Boost)  
  147  22:54  Archon x2  
  106  23:05  Stalker x3  
  106  23:06  Stalker x13  
  129  23:28  Nexus  
  129  23:30  Pylon  
  129  23:34  High Templar x4  
  128  23:36  Zealot x7  
  146  23:50  Photon Cannon  
  146  23:51  Shield Battery  
  146  23:55  High Templar  
  148  23:56  High Templar x2  
  148  24:02  Zealot x3  
  154  24:04  High Templar  
  154  24:07  Archon  
  139  24:30  High Templar  
  139  24:31  High Templar  
  129  24:35  Archon  
  129  24:43  Zealot  
  129  24:44  Zealot  
  133  24:48  Dark Templar x2  
  133  24:51  Dark Templar  
  135  24:53  Dark Templar  
  137  25:04  Photon Cannon x2, Assimilator  
  137  25:05  Shield Battery  
  137  25:08  Observer (Chrono Boost)  
  137  25:12  Assimilator  
  138  25:15  Zealot x5  
  138  25:21  Observer (Chrono Boost), Zealot  
  148  25:24  Zealot x2  
  153  25:41  Dark Templar x3  
  153  25:42  Dark Templar, Stalker  
  161  25:43  Zealot x4, Stalker x3  
  161  25:46  Archon x3  
  175  25:50  Stalker x3  
  175  25:54  Observer  
Show
View Real Time Build Order
Export as new Build Order

Reynor Zerg 

Build Orders: Hatch First, Brood Lord Corruptor 

Get SALT Encoding   

  12  0:00  Drone  
  13  0:12  Overlord  
  13  0:17  Drone  
  14  0:30  Drone x2  
  16  0:48  Hatchery  
  15  0:52  Drone  
  15  0:55  Drone  
  17  0:59  Drone  
  18  1:09  Extractor  
  17  1:14  Spawning Pool  
  17  1:18  Drone  
  17  1:21  Drone  
  18  1:28  Drone  
  19  1:38  Drone  
  20  1:49  Overlord  
  20  2:01  Drone x2, Queen x2  
  26  2:10  Drone  
  26  2:11  Drone  
  28  2:21  Drone  
  28  2:22  Zergling x2  
  30  2:24  Metabolic Boost  
  30  2:35  Drone, Hatchery  
  30  2:40  Drone  
  31  2:44  Queen  
  31  2:47  Overlord  
  31  2:51  Drone  
  34  2:54  Drone  
  34  2:55  Drone  
  36  3:05  Queen  
  36  3:06  Drone x2  
  36  3:10  Overlord  
  40  3:15  Zergling x4  
  40  3:16  Drone  
  43  3:25  Overlord  
  44  3:27  Drone  
  44  3:28  Queen  
  44  3:29  Drone  
  47  3:37  Overlord  
  47  3:39  Drone  
  48  3:41  Queen  
  48  3:45  Drone x2  
  48  3:46  Overlord  
  52  3:49  Drone  
  52  3:51  Drone, Spore Crawler  
  52  3:54  Drone x2  
  55  3:59  Zergling x6  
  58  4:04  Queen  
  58  4:06  Drone  
  58  4:08  Drone  
  62  4:13  Overlord  
  62  4:15  Drone x3  
  66  4:17  Drone  
  66  4:19  Spore Crawler  
  66  4:22  Drone, Spore Crawler  
  66  4:23  Drone  
  68  4:25  Drone x2  
  68  4:28  Evolution Chamber  
  68  4:30  Spore Crawler  
  68  4:34  Drone x3  
  68  4:38  Drone x2  
  73  4:42  Spore Crawler  
  73  4:43  Drone x2  
  74  4:47  Roach Warren  
  74  4:48  Pneumatized Carapace  
  74  4:51  Zergling x4  
  74  4:53  Overlord  
  74  4:56  Drone x3  
  74  4:58  Drone  
  74  4:59  Drone  
  79  5:02  Lair  
  79  5:03  Drone  
  79  5:04  Drone  
  81  5:09  Overlord  
  81  5:12  Extractor  
  80  5:14  Extractor  
  80  5:16  Drone x2  
  80  5:19  Drone  
  80  5:20  Drone x2  
  80  5:21  Drone  
  82  5:23  Drone x2, Hatchery  
  82  5:25  Drone  
  82  5:27  Drone x2  
  82  5:29  Drone  
  82  5:32  Drone x3  
  82  5:33  Drone  
  87  5:37  Zerg Melee Weapons Level 1  
  87  5:39  Overlord  
  87  5:40  Drone  
  88  5:43  Extractor  
  88  5:44  Extractor  
  88  5:45  Overlord  
  88  5:47  Drone x3  
  89  5:51  Extractor  
  89  5:52  Drone  
  89  5:53  Overlord  
  89  5:57  Zergling x2  
  90  5:58  Zergling x4  
  90  5:59  Zergling x2  
  90  6:02  Roach x2  
  97  6:05  Roach x3  
  97  6:06  Roach  
  104  6:12  Overlord  
  104  6:15  Roach x2  
  104  6:16  Glial Reconstitution  
  107  6:20  Overseer  
  107  6:23  Overlord  
  107  6:25  Roach  
  109  6:29  Roach x2  
  109  6:32  Zergling x2, Overlord  
  114  6:33  Zergling x8  
  114  6:35  Zergling x2  
  114  6:38  Zergling x2  
  120  6:40  Zergling x8  
  120  6:42  Spire  
  120  6:43  Queen, Ravager  
  120  6:46  Roach  
  128  6:49  Roach x2  
  131  6:57  Zergling x4, Roach x2  
  131  6:58  Zergling x4  
  133  7:04  Zergling x2  
  133  7:05  Zergling x8  
  132  7:08  Zergling x2  
  132  7:09  Zergling x8  
  132  7:10  Drone x2  
  132  7:11  Drone  
  132  7:13  Drone  
  140  7:16  Drone  
  140  7:18  Ravager x2  
  140  7:21  Drone  
  140  7:22  Overlord  
  144  7:23  Baneling Nest  
  144  7:26  Zergling x2  
  144  7:28  Overlord  
  144  7:34  Overlord  
  144  7:35  Zerg Melee Weapons Level 2, Hatchery  
  142  7:37  Drone  
  142  7:40  Overlord  
  142  7:42  Drone x4  
  147  7:51  Drone x3  
  147  7:52  Drone x2  
  147  7:55  Zergling x8, Extractor x2  
  147  7:56  Overseer  
  154  8:00  Mutalisk x6  
  154  8:01  Mutalisk  
  154  8:04  Mutalisk  
  170  8:07  Overlord x2  
  170  8:08  Zergling x2  
  172  8:13  Centrifugal Hooks  
  172  8:19  Overlord  
  172  8:23  Drone  
  172  8:24  Infestation Pit  
  172  8:25  Zergling x22  
  182  8:31  Overlord  
  182  8:37  Zergling x14  
  189  8:41  Zergling x4  
  191  8:50  Baneling x9  
  191  8:51  Baneling x16  
  191  8:52  Zergling x6  
  192  9:03  Hive  
  192  9:08  Zergling x2  
  192  9:09  Zergling x12  
  199  9:14  Baneling x12  
  199  9:25  Evolution Chamber  
  197  9:33  Zergling x10  
  189  9:44  Zergling x32  
  185  9:51  Drone x2, Queen  
  185  9:53  Zergling x22  
  185  9:59  Baneling x10  
  194  10:02  Zerg Missile Weapons Level 1  
  194  10:04  Zergling x8  
  198  10:07  Baneling x12  
  198  10:08  Baneling x5  
  196  10:24  Adrenal Glands, Greater Spire  
  196  10:27  Zergling x14  
  198  10:33  Extractor  
  197  10:38  Baneling  
  197  10:39  Baneling x18, Overlord  
  197  10:41  Overlord  
  197  10:51  Extractor, Hatchery  
  197  10:52  Extractor, Zerg Ground Armor Level 1  
  192  11:00  Zergling x24  
  184  11:11  Corruptor x2  
  184  11:12  Corruptor x3  
  184  11:15  Spine Crawler  
  184  11:16  Spine Crawler  
  191  11:21  Zergling x26  
  194  11:29  Baneling x14  
  191  11:37  Zergling x18  
  199  11:54  Brood Lord x2  
  198  11:56  Baneling x3  
  198  12:02  Zerg Melee Weapons Level 3  
  198  12:03  Ultralisk Cavern  
  198  12:06  Brood Lord  
  198  12:07  Spore Crawler x2  
  192  12:10  Zergling x8  
  192  12:11  Zergling x40  
  192  12:14  Brood Lord  
  184  12:17  Zergling x10  
  177  12:24  Corruptor x2  
  181  12:30  Zerg Flyer Armor Level 1  
  181  12:36  Corruptor x2  
  182  12:37  Corruptor  
  182  12:40  Drone x2  
  182  12:41  Viper  
  190  12:50  Corruptor x2  
  192  13:00  Corruptor x3  
  192  13:04  Corruptor  
  193  13:15  Brood Lord  
  193  13:17  Drone x3  
  193  13:18  Drone  
  199  13:35  Chitinous Plating  
  199  13:36  Spire  
  199  13:40  Corruptor x2  
  199  13:45  Brood Lord  
  197  13:51  Drone x2  
  199  14:02  Spore Crawler  
  198  14:07  Corruptor x2  
  198  14:10  Drone x2  
  197  14:26  Corruptor  
  197  14:27  Zerg Flyer Armor Level 2  
  178  14:52  Brood Lord x2  
  182  14:55  Zerg Ground Armor Level 2  
  182  14:58  Corruptor x3  
  188  15:01  Drone x4  
  188  15:03  Extractor x2  
  188  15:04  Zergling x4, Ultralisk  
  188  15:05  Zergling x2  
  199  15:07  Zerg Flyer Weapons Level 1  
  196  15:20  Anabolic Synthesis  
  194  15:21  Neural Parasite  
  194  15:25  Corruptor  
  194  15:26  Corruptor  
  194  15:27  Hatchery  
  197  15:30  Spore Crawler  
  197  15:31  Spore Crawler x2  
  197  15:32  Spore Crawler  
  197  15:33  Drone x3  
  197  15:34  Spore Crawler  
  197  15:35  Spore Crawler x3  
  192  15:41  Corruptor x4  
  197  15:44  Overseer  
  197  15:46  Zergling x18  
  197  15:51  Spore Crawler  
  197  15:52  Spore Crawler  
  180  16:14  Corruptor x7  
  178  16:23  Viper  
  178  16:25  Drone x4  
  183  16:27  Drone x2  
  183  16:30  Zergling x6, Spore Crawler  
  183  16:31  Zergling x6, Spore Crawler  
  189  16:43  Brood Lord x2  
  193  16:48  Ultralisk  
  188  17:01  Hatchery  
  177  17:13  Infestor x2, Ultralisk  
  177  17:15  Drone x2  
  190  17:25  Infestor x2  
  182  17:37  Zergling x20  
  182  17:42  Brood Lord  
  190  17:47  Corruptor  
  191  17:53  Overseer  
  191  17:59  Brood Lord  
  191  18:00  Corruptor  
  194  18:14  Corruptor  
  194  18:15  Corruptor x2  
  198  18:27  Infestor  
  187  18:42  Zergling x10, Infestor  
  187  18:43  Infestor  
  187  18:46  Corruptor  
  187  18:47  Zerg Flyer Armor Level 3  
  198  18:53  Zergling x2  
  198  19:00  Infestor x2  
  197  19:11  Drone  
  197  19:14  Hatchery  
  193  19:17  Zergling x12  
  193  19:21  Burrow  
  193  19:22  Zerg Flyer Weapons Level 2  
  197  19:27  Spore Crawler  
  197  19:29  Spore Crawler  
  194  19:40  Corruptor x3  
  197  19:49  Zergling x10  
  199  20:10  Overseer  
  197  20:15  Corruptor x3  
  197  20:16  Drone  
  200  20:35  Zerg Ground Armor Level 3  
  197  20:40  Zergling x28  
  191  20:43  Ultralisk  
  193  20:55  Ultralisk  
  186  21:25  Corruptor x3  
  182  21:28  Overlord  
  182  21:39  Infestor x2  
  170  21:42  Ultralisk x2  
  170  21:46  Extractor  
  170  21:47  Zergling x4  
  170  21:48  Zergling x12, Queen  
  170  21:51  Corruptor x2  
  184  21:55  Queen  
  184  21:56  Hatchery  
  185  22:01  Overlord  
  185  22:12  Brood Lord  
  187  22:20  Zergling x24  
  187  22:21  Zergling x2  
  188  22:35  Corruptor  
  188  22:36  Zergling x2  
  188  22:37  Zergling x8, Queen  
  152  22:44  Corruptor  
  152  22:50  Zergling x6  
  152  22:51  Zergling x2  
  129  22:54  Zergling x6  
  129  22:55  Zergling x2  
  129  22:56  Queen  
  116  22:59  Corruptor  
  110  23:07  Queen  
  110  23:11  Zergling x10  
  115  23:18  Infestor  
  115  23:19  Zergling x6, Drone  
  113  23:26  Zergling x12, Extractor  
  109  23:31  Infestor  
  111  23:34  Zergling x2  
  112  23:48  Extractor  
  111  23:50  Ultralisk  
  111  23:51  Zergling x16  
  111  23:52  Zergling x4  
  124  24:07  Zergling x2  
  124  24:08  Zergling x6  
  119  24:14  Corruptor x2  
  111  24:24  Corruptor  
  98  24:38  Queen x2  
  100  24:53  Infestor  
  99  25:06  Hatchery  
  90  25:29  Infestor  
  90  25:30  Ultralisk  

Tags
 
Add a new tag
Caveats
  • Supply blocks, unpowered buildings, or Contaminate may cause inaccurate times.
  • Supply counts are checked every 10 seconds.